[Event "Titled Tuesday Blitz August 3 2021"]
[White "Golubev, Mikhail"]
[Black "Ljukin, Sergei"]
[WhiteFideId "14100983"]
[BlackFideId "14102200"]
[WhiteElo "2374"]
[BlackElo "2309"]
[Result "1-0"]
[Round "08"]
[TimeControl "180+1"]
[Date "2021.08.03"]
[WhiteClock "0:00:06"]
[BlackClock "0:00:01"]

1. e4 e6 2. d3 d5 3. Nd2 Nf6 4. Ngf3 Be7 5. g3 O-O 6. Bg2 c5 7. O-O Nc6 8. Re1 Qc7 9. c3 b5 10. exd5 exd5 11. Nf1 Bb7 12. Bf4 Qb6 13. Nh4 g6 14. Bg5 Rfe8 15. Qf3 Nh5 16. Bxe7 Nxe7 17. Ne3 Nf6 18. Ng4 Nxg4 19. Qxg4 Qd6 20. Nf3 Nf5 21. h4 h5 22. Qg5 Kg7 23. d4 cxd4 24. cxd4 Qf6 25. Qd2 Re4 26. Rad1 Rae8 27. Rxe4 Rxe4 28. Qa5 Qb6 29. Qxb6 axb6 30. Rd2 b4 31. Bf1 Re7 32. Rc2 Nd6 33. Bd3 Ne4 34. Ne5 f6 35. Nc6 Bxc6 36. Rxc6 Ra7 37. Rxb6 Rxa2 38. Rxb4 Ra1+ 39. Kg2 Rd1 40. Bxe4 dxe4 41. Rc4 Rd2 42. Kf1 Rxb2 43. Rc7+ Kh6 44. Re7 f5 45. d5 Rd2 46. Rd7 Rd3 47. Ke2 g5 48. Rd6+ Kg7 49. hxg5 Kf7 50. g6+ Kg7 51. Ke1 1-0


[Site "https://www.chess.com"]

[Event "Titled Tuesday Blitz August 3 2021"]
[White "Grachev, Boris"]
[Black "Xiong, Jeffery"]
[WhiteFideId "4129199"]
[BlackFideId "2047640"]
[WhiteElo "2595"]
[BlackElo "2724"]
[Result "1/2-1/2"]
[Round "08"]
[TimeControl "180+1"]
[Date "2021.08.03"]
[WhiteClock "0:00:06"]
[BlackClock "0:00:05"]

1. d4 d5 2. Bf4 Nf6 3. e3 e6 4. Nd2 c5 5. c3 Nbd7 6. Ngf3 Be7 7. h3 O-O 8. Bd3 c4 9. Bc2 b5 10. a3 Bb7 11. O-O a5 12. Ne5 b4 13. Nxd7 Qxd7 14. Ba4 Bc6 15. Bxc6 Qxc6 16. a4 Nd7 17. Nf3 Ra7 18. Ne5 Nxe5 19. Bxe5 Rb7 20. Qc2 Bd6 21. Bxd6 Qxd6 22. e4 Rfb8 23. exd5 Qxd5 24. Rfe1 bxc3 25. bxc3 Rb2 26. Qc1 Qf5 27. Qe3 h6 28. Qg3 R8b3 29. Re5 Qf6 30. Rf1 Rc2 31. Rxa5 Rcxc3 32. Qe5 Rd3 33. Qxf6 gxf6 34. Rc5 Rxd4 35. Ra1 Rb6 36. a5 Ra6 37. Ra3 f5 38. Rg3+ Kf8 39. Rc8+ Ke7 40. Rc7+ Kf6 41. Rc5 Rd3 42. Rxd3 cxd3 43. Kf1 Ke7 44. Ke1 Kd6 45. Rb5 Kc6 46. Re5 Kd6 47. Rb5 Rc6 48. Rb3 Rc1+ 49. Kd2 Rc2+ 50. Kxd3 Rxf2 51. Rb6+ Kc7 52. g4 fxg4 53. hxg4 Rf4 54. Ra6 Kb7 55. Rb6+ Kc7 56. Ra6 Kb7 57. Rb6+ Ka7 58. Rd6 e5 59. Rxh6 Rxg4 60. Rf6 Rd4+ 61. Ke3 Rd7 62. Ke4 Re7 63. a6 Re6 64. Rxf7+ Kxa6 65. Rf5 Rb6 66. Rxe5 Rb4+ 67. Kf5 Rb5 68. Rxb5 Kxb5 1/2-1/2


[Site "https://www.chess.com"]

[Event "Titled Tuesday Blitz August 3 2021"]
[White "Grinblat, Dmitry"]
[Black "Hjartarson, Johann"]
[WhiteFideId "4163257"]
[BlackFideId "2300044"]
[WhiteElo "2482"]
[BlackElo "2502"]
[Result "0-1"]
[Round "08"]
[TimeControl "180+1"]
[Date "2021.08.03"]
[WhiteClock "0:00:05"]
[BlackClock "0:01:10"]

1. d4 Nf6 2. Nf3 g6 3. g3 Bg7 4. Bg2 O-O 5. O-O d5 6. c4 dxc4 7. Na3 c5 8. Nxc4 Na6 9. dxc5 Nxc5 10. Be3 Nce4 11. Bd4 Be6 12. Ne3 Qa5 13. b4 Qxb4 14. Rb1 Qa3 15. Rxb7 Rfd8 16. Qa1 a5 17. Rc1 Qxa2 18. Qxa2 Bxa2 19. Rxe7 a4 20. Ba1 a3 21. Ne5 Re8 22. Rxe8+ Rxe8 23. N5c4 Rc8 24. Rd1 Bxc4 25. Nxc4 Rxc4 0-1


[Site "https://www.chess.com"]

[Event "Titled Tuesday Blitz August 3 2021"]
[White "Gunina, Valentina"]
[Black "Kalashian, David"]
[WhiteFideId "4167570"]
[BlackFideId "13302418"]
[WhiteElo "2399"]
[BlackElo "2490"]
[Result "0-1"]
[Round "08"]
[TimeControl "180+1"]
[Date "2021.08.03"]
[WhiteClock "0:00:01"]
[BlackClock "0:00:17"]

1. d4 Nf6 2. c4 e6 3. Nf3 b6 4. g3 Ba6 5. b3 Bb4+ 6. Bd2 Be7 7. Bg2 c6 8. O-O d5 9. Ne5 Nfd7 10. Nxd7 Nxd7 11. Bf4 O-O 12. Nd2 Rc8 13. Rc1 f5 14. Nf3 Bf6 15. h4 h6 16. Qd2 Be7 17. Qe3 Kf7 18. c5 bxc5 19. dxc5 Bf6 20. Bd6 Re8 21. Nd4 Bxd4 22. Qxd4 e5 23. Qd2 Nf6 24. Qb2 d4 25. Rfe1 Ne4 26. Bxe4 fxe4 27. Qc2 d3 28. exd3 exd3 29. Qc3 e4 30. Qd4 Qf6 31. Rxe4 d2 32. Qxd2 Rxe4 33. Qa5 Be2 34. Qxa7+ Kg8 35. Qd7 Rce8 36. Bf4 Bf3 37. Rf1 Kh7 0-1


[Site "https://www.chess.com"]

[Event "Titled Tuesday Blitz August 3 2021"]
[White "Gupta, Abhijeet"]
[Black "Anuj Shrivatri"]
[WhiteFideId "5010608"]
[BlackFideId "35070924"]
[WhiteElo "2549"]
[BlackElo "2038"]
[Result "1-0"]
[Round "08"]
[TimeControl "180+1"]
[Date "2021.08.03"]
[WhiteClock "0:00:16"]
[BlackClock "0:00:02"]

1. Nf3 Nf6 2. c4 g6 3. Nc3 Bg7 4. e4 d6 5. d4 O-O 6. h3 e5 7. d5 Nh5 8. g3 Na6 9. Be2 f5 10. exf5 gxf5 11. Bg5 Nf6 12. Nh4 Qe8 13. Qc2 Nc5 14. Be3 e4 15. O-O-O Nfd7 16. Nb5 Qd8 17. Nd4 Ne5 18. Kb1 Ned3 19. Ng2 Be5 20. Bxd3 exd3 21. Rxd3 Nxd3 22. Qxd3 Qe7 23. Nf4 Qf7 24. Ka1 Kh8 25. Nf3 Bg7 26. Ng5 Qf6 27. Rb1 Qxg5 28. Ne6 Qe7 29. Nxf8 Qxf8 30. g4 Bd7 31. g5 f4 32. Bd4 Re8 33. a3 Kg8 34. Rc1 Bf5 35. Qc3 b6 36. h4 Bxd4 37. Qxd4 Qe7 38. Qxf4 Qe4 39. Qd2 Qd3 40. Qb4 Re2 41. Qb5 Re7 42. h5 a5 43. h6 Qd2 44. Rb1 Bxb1 45. Kxb1 Re1+ 46. Ka2 1-0


[Site "https://www.chess.com"]

[Event "Titled Tuesday Blitz August 3 2021"]
[White "Hansen, Sune Berg"]
[Black "Ter-Sahakyan, Samvel"]
[WhiteFideId "1400266"]
[BlackFideId "13302531"]
[WhiteElo "2662"]
[BlackElo "2551"]
[Result "0-1"]
[Round "08"]
[TimeControl "180+1"]
[Date "2021.08.03"]
[WhiteClock "0:00:44"]
[BlackClock "0:00:09"]

1. e4 c5 2. Nc3 d6 3. d4 cxd4 4. Qxd4 Nc6 5. Qd2 g6 6. b3 Bh6 7. f4 Nf6 8. Bb2 O-O 9. O-O-O e5 10. g3 Re8 11. Re1 Nd4 12. Kb1 Bd7 13. Bg2 b5 14. Nf3 b4 15. Nd5 Nxd5 16. exd5 Nxf3 17. Bxf3 a5 18. h4 Rc8 19. h5 Bg7 20. hxg6 hxg6 21. Be4 Rc3 22. fxe5 Rxe5 23. Bd3 Rxd5 24. Qh2 Rdxd3 25. cxd3 Qf6 26. g4 a4 27. Qh7+ Kf8 28. Rhf1 Rc1+ 29. Kxc1 Qxb2+ 0-1


[Site "https://www.chess.com"]

[Event "Titled Tuesday Blitz August 3 2021"]
[White "Harshavardhan G B"]
[Black "Andrews, Todd"]
[WhiteFideId "25059009"]
[BlackFideId "2012456"]
[WhiteElo "1825"]
[BlackElo "2437"]
[Result "1-0"]
[Round "08"]
[TimeControl "180+1"]
[Date "2021.08.03"]
[WhiteClock "0:00:42"]
[BlackClock "0:00:20"]

1. e4 e6 2. d4 d5 3. Nd2 Nf6 4. e5 Nfd7 5. Bd3 c5 6. c3 Nc6 7. Ne2 cxd4 8. cxd4 Qb6 9. Nf3 f6 10. exf6 Nxf6 11. O-O Bd6 12. Bf4 Bxf4 13. Nxf4 Qxb2 14. Rb1 Qxa2 15. Ng5 O-O 16. Qh5 h6 17. Qh4 hxg5 18. Qxg5 Nxd4 19. Ng6 Rf7 20. Qh4 Nf3+ 21. gxf3 Nh7 22. Ne5 Nf6 23. Rfc1 Qd2 24. Nxf7 Qxd3 25. Ne5 Qf5 26. f4 a5 27. Rb3 Bd7 28. Rh3 Kf8 29. Rg3 Be8 30. Qh8+ Ng8 31. Qxg7# 1-0


[Site "https://www.chess.com"]

[Event "Titled Tuesday Blitz August 3 2021"]
[White "Hryshchenko, Kamila"]
[Black "Turzo, Attila"]
[WhiteFideId "14147491"]
[BlackFideId "704954"]
[WhiteElo "1966"]
[BlackElo "2423"]
[Result "0-1"]
[Round "08"]
[TimeControl "180+1"]
[Date "2021.08.03"]
[WhiteClock "0:00:21"]
[BlackClock "0:00:25"]

1. e4 c5 2. Nf3 e6 3. d3 Nc6 4. g3 Nf6 5. Bg2 e5 6. O-O Be7 7. c3 O-O 8. Re1 Re8 9. d4 d6 10. d5 Nb8 11. h3 Bf8 12. b4 Nbd7 13. a3 h6 14. c4 a5 15. bxc5 Nxc5 16. Nc3 b6 17. a4 Ba6 18. Bf1 Rc8 19. Nd2 g6 20. Nb3 h5 21. Nxc5 Rxc5 22. Be3 Rc8 23. Qb3 Nd7 24. Rab1 h4 25. Kg2 hxg3 26. fxg3 f5 27. Bd3 f4 28. gxf4 exf4 29. Bf2 Ne5 30. Be2 Qg5+ 31. Kh2 f3 32. Rg1 Qf4+ 33. Bg3 Qd2 34. Rb2 Qe3 35. Bxe5 Rxe5 36. Bf1 Rg5 37. Rxg5 Qxg5 38. Nd1 Bg7 39. Rf2 Rf8 40. Rxf3 Qd2+ 41. Kh1 Be5 42. Rxf8+ Kxf8 43. Bg2 Qe1+ 0-1


[Site "https://www.chess.com"]

[Event "Titled Tuesday Blitz August 3 2021"]
[White "Ibrahimli, Murad"]
[Black "Kovalev, Egor"]
[WhiteFideId "13410229"]
[BlackFideId "24124117"]
[WhiteElo "2109"]
[BlackElo "2253"]
[Result "1-0"]
[Round "08"]
[TimeControl "180+1"]
[Date "2021.08.03"]
[WhiteClock "0:00:04"]
[BlackClock "0:00:03"]

1. Nf3 Nf6 2. c4 g6 3. Nc3 d5 4. cxd5 Nxd5 5. Qb3 Nb6 6. d4 Be6 7. Qc2 Bg7 8. Bf4 O-O 9. e3 c5 10. Rd1 cxd4 11. Nxd4 Bg4 12. Be2 Bxe2 13. Ndxe2 Qc8 14. O-O Nc6 15. Qe4 e5 16. Bg3 Qe6 17. Nd5 Nxd5 18. Qxd5 Qxd5 19. Rxd5 Rfd8 20. Rfd1 Rxd5 21. Rxd5 Rd8 22. Rxd8+ Nxd8 23. Nc3 f5 24. f3 Kf7 25. Kf1 Ke6 26. Ke2 Nc6 27. Kd3 a6 28. a3 b5 29. e4 Bh6 30. Bf2 Bf4 31. g3 Bc1 32. Kc2 Bg5 33. Nd5 Bd8 34. Kd3 h5 35. h3 Na5 36. Kc3 Nc4 37. b3 Nxa3 38. Bc5 b4+ 39. Nxb4 Nb5+ 40. Kc4 Na3+ 41. Kd3 fxe4+ 42. fxe4 Nb5 43. Nxa6 g5 44. Nb4 g4 45. hxg4 hxg4 46. Nc2 Bg5 47. Ne3 Bxe3 48. Bxe3 Kd6 49. Kc4 Kc6 50. Bc5 Nc7 51. b4 Nb5 52. Bf8 Na3+ 53. Kb3 Nb5 54. Bg7 Nd6 55. Bxe5 Nxe4 56. Kc4 Nd2+ 57. Kd3 Nf3 58. Bg7 Kd5 59. Ke3 Ng5 60. Bc3 Ne6 61. Be1 Ke5 62. Bd2 Kd5 63. Bc3 Kc4 64. Be1 Nd4 65. Kf4 Nf3 66. Bf2 Kxb4 67. Kxg4 Ne5+ 68. Kf5 Nd3 69. Be3 Kb5 70. g4 Nb4 71. g5 Nd5 72. Bd2 Kc6 73. Ke6 Nc7+ 74. Kf7 Kd7 75. g6 Ne6 76. Ba5 Ng5+ 77. Kf6 Ne6 78. Bd8 Kd6 79. Be7+ Kd7 80. Bb4 Nc7 81. Kf7 Ne6 82. Bd2 Nd8+ 83. Kf6 Ne6 84. Be3 Kd6 85. Bh6 Kd7 86. Bg5 Nc7 87. Bh4 Ne6 88. Bg3 Nc5 89. g7 Ne4+ 90. Kf7 Nxg3 91. g8=Q Ne4 92. Qg4+ 1-0


[Site "https://www.chess.com"]

[Event "Titled Tuesday Blitz August 3 2021"]
[White "Iskusnyh, Sergei"]
[Black "Babiy, Olga"]
[WhiteFideId "4120027"]
[BlackFideId "14117258"]
[WhiteElo "2492"]
[BlackElo "2230"]
[Result "0-1"]
[Round "08"]
[TimeControl "180+1"]
[Date "2021.08.03"]
[WhiteClock "0:00:02"]
[BlackClock "0:00:12"]

1. d4 d5 2. c4 dxc4 3. e3 a6 4. Bxc4 Nf6 5. Nf3 e6 6. O-O c5 7. Nc3 Nc6 8. dxc5 Bxc5 9. Qxd8+ Nxd8 10. Nd2 b5 11. Be2 Bb7 12. Nb3 Bb6 13. a4 Nd5 14. axb5 Nxc3 15. bxc3 axb5 16. Bxb5+ Ke7 17. Rxa8 Bxa8 18. Rd1 Bc6 19. c4 Bxb5 20. cxb5 Nb7 21. Ba3+ Kf6 22. Rd7 Na5 23. Bb2+ Kg6 24. Nxa5 Bxa5 25. Bd4 Rb8 26. h4 Rxb5 27. g4 h5 28. g5 f6 29. Rd6 e5 30. Ba7 Kf5 31. gxf6 gxf6 32. Kg2 Rb4 33. Ra6 Rg4+ 34. Kh3 Be1 35. f3 Rg3+ 36. Kh2 Rxf3 37. Bc5 Bxh4 38. Ra4 Bg5 39. e4+ Kg4 40. Ra2 Bf4+ 41. Kg2 h4 42. Ra8 h3+ 43. Kg1 h2+ 44. Kg2 Rg3+ 45. Kh1 Rc3 46. Ba3 Rd3 47. Rg8+ Kf3 48. Rd8 Rxd8 49. Bd6 Ra8 50. Ba3 Ra4 51. Bb2 Rxe4 52. Bc3 Kg4 53. Kg2 Re2+ 54. Kh1 Rc2 55. Bb2 f5 56. Ba3 e4 57. Bb2 e3 0-1


[Site "https://www.chess.com"]

[Event "Titled Tuesday Blitz August 3 2021"]
[White "Ismagilov, Damir"]
[Black "Assaubayeva, Bibisara"]
[WhiteFideId "34199982"]
[BlackFideId "13708694"]
[WhiteElo "2075"]
[BlackElo "2232"]
[Result "0-1"]
[Round "08"]
[TimeControl "180+1"]
[Date "2021.08.03"]
[WhiteClock "0:00:53"]
[BlackClock "0:01:08"]

1. d4 Nf6 2. c4 g6 3. Nc3 Bg7 4. e4 d6 5. Be2 O-O 6. Nf3 e5 7. O-O Nc6 8. d5 Ne7 9. Ne1 Nd7 10. Nd3 f5 11. f3 f4 12. b4 g5 13. c5 h5 14. a4 Nf6 15. Nf2 Rf7 16. a5 Bf8 17. Ba3 Rg7 18. h3 Ng6 19. b5 dxc5 20. b6 axb6 21. axb6 cxb6 22. Qb3 g4 23. hxg4 hxg4 24. fxg4 Nh4 25. Na4 Nxg4 26. Bxg4 Bxg4 27. Nxg4 Rxg4 28. Rf2 Rg3 29. Qc4 Qe8 30. Nc3 Qg6 31. d6+ Kh8 32. Qe2 Rxc3 33. Bb2 Rxa1+ 34. Bxa1 Rc1+ 35. Rf1 Rxf1+ 36. Qxf1 Bxd6 37. Qf2 Qg3 38. Qd2 Nf3+ 0-1


[Site "https://www.chess.com"]

[Event "Titled Tuesday Blitz August 3 2021"]
[White "Jacobson, Aaron"]
[Black "Daulyte-Cornette, Deimante"]
[WhiteFideId "2089912"]
[BlackFideId "12802859"]
[WhiteElo "2265"]
[BlackElo "2285"]
[Result "1-0"]
[Round "08"]
[TimeControl "180+1"]
[Date "2021.08.03"]
[WhiteClock "0:00:04"]
[BlackClock "0:00:02"]

1. e4 Nf6 2. Nc3 d5 3. exd5 Nxd5 4. Bc4 c6 5. Qf3 e6 6. Nge2 Bd6 7. Ne4 Be7 8. Qg3 O-O 9. d4 f5 10. Nc5 Bxc5 11. dxc5 Qa5+ 12. c3 Qxc5 13. Bb3 Nd7 14. Nd4 N7f6 15. O-O Ne4 16. Qh4 Bd7 17. Bc2 Nef6 18. Re1 Rae8 19. Bd2 Qd6 20. Rad1 c5 21. Nf3 Qc7 22. Ne5 Bc8 23. c4 Ne7 24. Bf4 Qa5 25. a3 Nc6 26. Nxc6 bxc6 27. Bd6 Rf7 28. Qg5 Qa6 29. Qf4 Nh5 30. Qh4 Nf6 31. Bxc5 Rd7 32. b4 Qb7 33. Bb3 a5 34. Rxd7 Nxd7 35. Bd6 axb4 36. axb4 c5 37. b5 Qb6 38. Bf4 e5 39. Qh5 g6 40. Qf3 e4 41. Qe3 Qf6 42. Rd1 Ne5 43. h3 Nd3 44. Bh2 Rd8 45. g4 1-0


[Site "https://www.chess.com"]

[Event "Titled Tuesday Blitz August 3 2021"]
[White "Jacobson, Brandon"]
[Black "Rasulov, Vugar"]
[WhiteFideId "30901561"]
[BlackFideId "13402390"]
[WhiteElo "2362"]
[BlackElo "2553"]
[Result "0-1"]
[Round "08"]
[TimeControl "180+1"]
[Date "2021.08.03"]
[WhiteClock "0:00:24"]
[BlackClock "0:01:07"]

1. d4 Nf6 2. c4 e6 3. Nc3 Bb4 4. e3 O-O 5. Bd3 d6 6. Ne2 Nbd7 7. a3 Bxc3+ 8. Nxc3 e5 9. O-O Qe7 10. f3 b6 11. d5 a5 12. b3 Nc5 13. Bc2 Bd7 14. Rb1 g6 15. Rf2 Nh5 16. g4 Ng7 17. Rg2 f5 18. g5 f4 19. e4 Bh3 20. Rd2 Qxg5+ 21. Kh1 Nh5 22. Qg1 Qh4 23. Qf2 Qe7 24. Nb5 Rfc8 25. b4 axb4 26. axb4 Nd7 27. Bb3 Kh8 28. Ra2 Rxa2 29. Qxa2 Qh4 30. Qe2 Bf1 31. Qd2 Be2 32. Kg2 Bxf3+ 33. Kxf3 Ndf6 34. Qg2 g5 35. h3 Rg8 36. Ke2 g4 37. hxg4 Rxg4 38. Qf2 Qh3 39. Qf1 0-1


[Site "https://www.chess.com"]

[Event "Titled Tuesday Blitz August 3 2021"]
[White "Jian, Alex"]
[Black "Karttunen, Mika"]
[WhiteFideId "30901022"]
[BlackFideId "502081"]
[WhiteElo "2111"]
[BlackElo "2343"]
[Result "1-0"]
[Round "08"]
[TimeControl "180+1"]
[Date "2021.08.03"]
[WhiteClock "0:00:05"]
[BlackClock "0:00:01"]

1. Nf3 Nf6 2. b3 d5 3. Bb2 e6 4. e3 Be7 5. Ne5 O-O 6. Bd3 Nbd7 7. f4 Nxe5 8. fxe5 Ne4 9. O-O f5 10. Nc3 b6 11. a4 Ng5 12. Ne2 c5 13. a5 Rb8 14. axb6 axb6 15. Nf4 Nf7 16. Ba6 Bd7 17. c4 d4 18. exd4 cxd4 19. Bxd4 Bc5 20. Bxc5 bxc5 21. Re1 Qb6 22. Bb5 Bxb5 23. cxb5 Rfe8 24. Ra6 Qxb5 25. Rxe6 Rxe6 26. Nxe6 Qb6 27. Nf4 c4+ 28. d4 cxb3 29. Qd3 b2 30. Rb1 Nxe5 31. Qxf5 Qxd4+ 32. Kh1 Qc3 33. h3 Qc1+ 34. Kh2 Nf7 35. Qe4 1-0


[Site "https://www.chess.com"]

[Event "Titled Tuesday Blitz August 3 2021"]
[White "Khoroshev, Nikita"]
[Black "Trakru, Rohun"]
[WhiteFideId "14200287"]
[BlackFideId "2097613"]
[WhiteElo "2328"]
[BlackElo "1746"]
[Result "1-0"]
[Round "08"]
[TimeControl "180+1"]
[Date "2021.08.03"]
[WhiteClock "0:02:05"]
[BlackClock "0:00:44"]

1. e4 c6 2. Nf3 d5 3. Nc3 dxe4 4. Nxe4 Nf6 5. Qe2 Nxe4 6. Qxe4 Nd7 7. Bc4 Nf6 8. Qe2 b5 9. Bb3 a5 10. a3 e6 11. O-O Bd6 12. d4 O-O 13. Bg5 h6 14. Bh4 g5 15. Bg3 Bxg3 16. hxg3 Nd5 17. Ne5 Bb7 18. Bxd5 cxd5 19. f4 f6 20. Ng6 Re8 21. fxg5 hxg5 22. Qh5 Kg7 23. Ne5 Qe7 24. Qg6+ 1-0


[Site "https://www.chess.com"]

[Event "Titled Tuesday Blitz August 3 2021"]
[White "Kim, Sergey"]
[Black "Murzin, Volodar"]
[WhiteFideId "13700570"]
[BlackFideId "44155573"]
[WhiteElo "2594"]
[BlackElo "2541"]
[Result "0-1"]
[Round "08"]
[TimeControl "180+1"]
[Date "2021.08.03"]
[WhiteClock "0:00:04"]
[BlackClock "0:00:03"]

1. d4 Nf6 2. c4 g6 3. Nc3 Bg7 4. e4 O-O 5. Nge2 d6 6. Ng3 c5 7. d5 b5 8. Nxb5 h5 9. h4 Nbd7 10. Nc3 Ne5 11. Be2 Ba6 12. b3 e6 13. Bd2 Re8 14. a4 exd5 15. exd5 Nd3+ 16. Kf1 Ne5 17. Rb1 Bc8 18. Qc2 Neg4 19. Bg5 Qd7 20. Bd3 Nh7 21. Bf4 Nhf6 22. Bg5 a6 23. Re1 Rxe1+ 24. Kxe1 Qc7 25. f3 Ne5 26. Kf2 Rb8 27. Re1 Nxd3+ 28. Qxd3 Rxb3 29. Kg1 Bd7 30. Qd2 Nh7 31. Nce4 Bd4+ 32. Kh2 f5 33. Nf2 Rb2 34. Qd3 Rxf2 35. Re7 Nxg5 36. hxg5 Qd8 0-1


[Site "https://www.chess.com"]

[Event "Titled Tuesday Blitz August 3 2021"]
[White "Krishnakumar, Sriram"]
[Black "Samadov, Read"]
[WhiteFideId "30915856"]
[BlackFideId "13417444"]
[WhiteElo "2328"]
[BlackElo "2084"]
[Result "0-1"]
[Round "08"]
[TimeControl "180+1"]
[Date "2021.08.03"]
[WhiteClock "0:00:32"]
[BlackClock "0:00:29"]

1. e4 c5 2. Nf3 d6 3. Bb5+ Bd7 4. Bxd7+ Qxd7 5. c4 Nc6 6. Nc3 e5 7. d3 Be7 8. a3 Bd8 9. b4 cxb4 10. axb4 Nxb4 11. Ba3 Nc6 12. c5 dxc5 13. Bxc5 Nge7 14. O-O O-O 15. Nd5 b6 16. Ba3 Re8 17. Bxe7 Bxe7 18. Rc1 Bc5 19. Qa4 Rad8 20. Rc2 Nd4 21. Qxd7 Nxf3+ 22. gxf3 Rxd7 23. Ra1 Red8 24. Ra6 f6 25. Rca2 b5 26. Rc2 Rxd5 27. exd5 Rxd5 28. Rc6 Bb6 29. Rc8+ Kf7 30. Rb2 Rxd3 31. Rxb5 Rxf3 32. Rb2 h5 33. Kg2 Rf4 34. Rb8 g5 35. Rb7+ Kg6 36. Rc2 g4 37. Rb8 h4 38. Rg8+ Kf5 39. Rh8 h3+ 40. Kf1 Ra4 41. Rh5+ Kf4 42. Ke2 Re4+ 43. Kf1 a5 44. Rb2 Rb4 45. Rxb4+ axb4 46. Rh8 Ke4 47. Ke2 f5 48. Rb8 Bc5 49. Rc8 Bd4 50. Rb8 Bc3 51. Rb5 f4 52. Kf1 Kf3 53. Kg1 e4 54. Kh1 e3 55. fxe3 fxe3 56. Rf5+ Ke2 57. Rf1 Kd2 58. Rb1 e2 59. Kg1 e1=Q+ 60. Rxe1 Kxe1 61. Kh1 Ke2 62. Kg1 b3 63. Kh1 b2 64. Kg1 b1=Q# 0-1


[Site "https://www.chess.com"]

[Event "Titled Tuesday Blitz August 3 2021"]
[White "Lagunow, Raphael"]
[Black "Wyde, David"]
[WhiteFideId "24652644"]
[BlackFideId "2028107"]
[WhiteElo "2400"]
[BlackElo "2397"]
[Result "1-0"]
[Round "08"]
[TimeControl "180+1"]
[Date "2021.08.03"]
[WhiteClock "0:00:17"]
[BlackClock "0:00:20"]

1. e4 c5 2. Nf3 e6 3. d4 cxd4 4. Nxd4 a6 5. Bd3 Qc7 6. O-O Bc5 7. Nb3 Be7 8. Qe2 d6 9. c4 Nf6 10. f4 Nc6 11. Nc3 b6 12. Be3 Bb7 13. Rae1 O-O 14. g4 Rfe8 15. g5 Nd7 16. h4 Rac8 17. Nd2 Bf8 18. Rf2 g6 19. h5 Nb4 20. Bb1 Nc6 21. Rh2 Bg7 22. Qg4 Nf8 23. hxg6 fxg6 24. Qh3 Ne7 25. Nd1 d5 26. cxd5 exd5 27. e5 Rcd8 28. Bd4 Bc8 29. Qc3 Qxc3 30. Nxc3 b5 31. Nb3 Ne6 32. Bb6 Rd7 33. Rf2 Rf8 34. Nc5 Nxc5 35. Bxc5 Re8 36. Rd1 Bf8 37. Bxe7 Bxe7 38. Nxd5 Bd8 39. Nf6+ Bxf6 40. Rxd7 Bxd7 41. gxf6 Rc8 42. Be4 Rc1+ 43. Kh2 Be6 44. a3 Re1 45. Bb7 a5 46. Rd2 h6 47. Rd6 Bf5 48. Bd5+ Kh7 49. f7 Kg7 50. Rd8 Re2+ 51. Kg1 1-0


[Site "https://www.chess.com"]

[Event "Titled Tuesday Blitz August 3 2021"]
[White "Le, Tuan Minh"]
[Black "Andreikin, Dmitry"]
[WhiteFideId "12401153"]
[BlackFideId "4158814"]
[WhiteElo "2450"]
[BlackElo "2782"]
[Result "1/2-1/2"]
[Round "08"]
[TimeControl "180+1"]
[Date "2021.08.03"]
[WhiteClock "0:00:04"]
[BlackClock "0:00:07"]

1. d4 Nf6 2. Nf3 e6 3. Bf4 Nh5 4. Bc1 d5 5. c4 Be7 6. Nc3 O-O 7. e3 Nf6 8. Bd3 dxc4 9. Bxc4 c5 10. O-O Nc6 11. dxc5 Bxc5 12. a3 a6 13. b4 Be7 14. Bb2 b5 15. Bb3 Bb7 16. Qe2 Rc8 17. Rfd1 Qc7 18. h3 Rfd8 19. Rac1 Rxd1+ 20. Rxd1 Rd8 21. Rd3 h6 22. Bc2 Rxd3 23. Qxd3 Ne5 24. Nxe5 Qxe5 25. f4 Qc7 26. Bd1 e5 27. f5 Qc6 28. Qd2 Ne4 29. Nxe4 Qxe4 30. Bc2 Qc6 31. Bxe5 Bg5 32. Bd4 Qd5 33. Qf2 Bh4 34. Qd2 Bg5 35. Qf2 Bh4 36. Qe2 Bg3 37. Bd3 f6 38. Qc2 Kh7 39. Bf1 Be5 40. Qd3 Bxd4 41. exd4 Bc8 42. Qe3 Bxf5 43. Bd3 Bxd3 44. Qxd3+ f5 45. Qc3 h5 46. Qc5 Qe4 47. d5 h4 48. d6 Qe1+ 49. Kh2 Qg3+ 50. Kh1 Qe1+ 51. Qg1 Qd2 52. Qc5 Qe1+ 53. Kh2 Qg3+ 54. Kh1 Qe1+ 1/2-1/2


[Site "https://www.chess.com"]

[Event "Titled Tuesday Blitz August 3 2021"]
[White "Lee, Qing Aun"]
[Black "Martin Duque, Jesus"]
[WhiteFideId "5804167"]
[BlackFideId "2208954"]
[WhiteElo "2023"]
[BlackElo "2224"]
[Result "0-1"]
[Round "08"]
[TimeControl "180+1"]
[Date "2021.08.03"]
[WhiteClock "0:00:12"]
[BlackClock "0:01:00"]

1. d4 Nf6 2. Nc3 d5 3. Bf4 e6 4. e3 Bb4 5. Ne2 Nbd7 6. a3 Ba5 7. b4 Bb6 8. Nc1 a5 9. Nb3 axb4 10. axb4 Rxa1 11. Qxa1 O-O 12. Bd3 Nh5 13. Bg3 g6 14. Nc5 Bxc5 15. bxc5 Nxg3 16. hxg3 e5 17. Ne2 c6 18. c4 exd4 19. Qxd4 Qa5+ 20. Kf1 Nxc5 21. Nf4 Nxd3 22. Nxd3 dxc4 23. Nc5 Bf5 24. Ke2 Rd8 25. Qh4 Rd2+ 26. Kf3 Qxc5 27. Qxh7+ Kf8 28. Qh6+ Ke7 29. Qg5+ Ke6 0-1


[Site "https://www.chess.com"]

[Event "Titled Tuesday Blitz August 3 2021"]
[White "Liyanage, Ranindu Dilshan"]
[Black "Reprintsev, Alexander"]
[WhiteFideId "9915834"]
[BlackFideId "14100541"]
[WhiteElo "1839"]
[BlackElo "2126"]
[Result "1-0"]
[Round "08"]
[TimeControl "180+1"]
[Date "2021.08.03"]
[WhiteClock "0:01:55"]
[BlackClock "0:02:06"]

1. e4 d5 2. exd5 Qxd5 3. Nc3 Qa5 4. d4 Nf6 5. Nf3 Nc6 6. Bb5 Ne4 7. Bd2 Nxc3 8. Bxc6+ bxc6 9. Bxc3 Qd5 10. O-O Bg4 11. Re1 Bxf3 12. gxf3 e6 13. Re5 Qd8 14. Qe2 Bd6 15. Re4 O-O 16. Kh1 f5 17. Rxe6 Qh4 18. Re5 Bxe5 19. dxe5 Rad8 20. Rg1 g6 21. e6 Rd5 22. e7 Re8 23. Qe6# 1-0


[Site "https://www.chess.com"]

[Event "Titled Tuesday Blitz August 3 2021"]
[White "Madaminov, Mukhiddin"]
[Black "Drogovoz, Irina"]
[WhiteFideId "14210703"]
[BlackFideId "4176715"]
[WhiteElo "1747"]
[BlackElo "2163"]
[Result "1-0"]
[Round "08"]
[TimeControl "180+1"]
[Date "2021.08.03"]
[WhiteClock "0:01:34"]
[BlackClock "0:01:20"]

1. e4 c5 2. Nf3 d6 3. d4 cxd4 4. Nxd4 Nf6 5. Nc3 a6 6. h3 g6 7. g4 Bg7 8. Bg2 h6 9. Be3 Qc7 10. Qd2 Nc6 11. O-O-O Bd7 12. Rhe1 Rc8 13. Kb1 b5 14. f4 Na5 15. Qc1 Nc4 16. Bg1 Na3+ 17. Ka1 b4 18. e5 bxc3 19. b3 dxe5 20. fxe5 Nb5 21. exf6 Bxf6 22. Kb1 Qa5 23. Nxb5 axb5 24. Bb7 Rb8 25. Qf4 Rxb7 26. Qxf6 O-O 27. Rxe7 Bc8 28. Bd4 1-0


[Site "https://www.chess.com"]

[Event "Titled Tuesday Blitz August 3 2021"]
[White "Makhnev, Denis"]
[Black "Serikbay, Assel"]
[WhiteFideId "13707647"]
[BlackFideId "13706799"]
[WhiteElo "2537"]
[BlackElo "2044"]
[Result "1-0"]
[Round "08"]
[TimeControl "180+1"]
[Date "2021.08.03"]
[WhiteClock "0:01:13"]
[BlackClock "0:00:20"]

1. d4 d5 2. c4 c6 3. Nf3 Nf6 4. Nc3 dxc4 5. a4 Bf5 6. Ne5 Nbd7 7. Nxc4 Qc7 8. g3 e5 9. dxe5 Nxe5 10. Bf4 Nfd7 11. Bg2 f6 12. O-O g5 13. Bxe5 Nxe5 14. Nxe5 Qxe5 15. a5 a6 16. Qb3 Qe7 17. Ra4 Bg7 18. Rd1 Be6 19. Qb4 Bf8 20. Qb6 Rc8 21. Re4 f5 22. Nd5 Qf7 23. Rxe6+ Qxe6 24. Nc7+ Rxc7 25. Qxc7 1-0


[Site "https://www.chess.com"]